 Dungeon Crawl Stone Soup version 0.29.1-12-g30fa7ad0bf (webtiles) character file.

Game seed: 5380443893418774842

33 mampy3000 the Trooper (level 3, -4/34 HPs)
             Began as a Minotaur Berserker on Jan 7, 2023.
             Was a Believer of Trog.
             Slain by a hobgoblin (6 damage)
             ... led by Robin
             ... on level 2 of the Dungeon.
             The game lasted 00:02:29 (829 turns).

mampy3000 the Trooper (Minotaur Berserker)           Turns: 829, Time: 00:02:29

Health: -4/34      AC:  3    Str: 23    XL:     3   Next: 12%
Magic:  2/2        EV: 11    Int:  4    God:    Trog [**....]
Gold:   40         SH:  0    Dex:  9    Spells: 2/2 levels left

rFire   . . .      SeeInvis .   a - +0 hand axe
rCold   . . .      Faith    .   (no shield)
rNeg    . . .      Spirit   .   m - +0 leather armour
rPois   .          Reflect  .   (helmet restricted)
rElec   .          Harm     .   (no cloak)
rCorr   .          Rampage  .   (no gloves)
Will    .....                   (no boots)
Stlth   +.........              (no amulet)
HPRegen 0.11/turn               (no ring)
MPRegen 0.08/turn               (no ring)

@: on berserk cooldown, slowed, very slow
A: horns 2, retaliatory headbutt
a: Renounce Religion, Berserk, Trog's Hand


You were on level 2 of the Dungeon.
You worshipped Trog.
Trog was pleased with you.
You visited 1 branch of the dungeon, and saw 2 of its levels.

You collected 40 gold pieces.

Inventory:

Hand Weapons
 a - a +0 hand axe (weapon)
Armour
 b - a +0 animal skin
 m - a +0 leather armour (worn)
Scrolls
 d - 4 scrolls of amnesia {unknown}
 e - a scroll of enchant armour {unknown}
 f - 2 scrolls of teleportation {unknown}
 j - a scroll of immolation {unknown}
 k - a scroll of poison {unknown}
Potions
 c - 2 potions of ambrosia {unknown}
 i - 2 potions of curing {unknown}
 l - a potion of attraction {unknown}


   Skills:
 + Level 4.5 Fighting
 + Level 4.1 Axes
 + Level 2.6 Armour
 + Level 2.3 Dodging
 + Level 0.1 Stealth


You had 2 spell levels left.
You didn't know any spells.
Your spell library was empty.

Dungeon Overview and Level Annotations

Branches:
Dungeon (2/15)

Altars:


Innate Abilities, Weirdness & Mutations

You have a pair of horns on your head.
You reflexively headbutt those who attack you in melee.


Message History

You kill the goblin!
Trog accepts your kill. The goblin barely misses you.
You have reached level 3!
Your experience leads to an increase in your attributes!
Increase (S)trength, (I)ntelligence, or (D)exterity?
You feel stronger. x2
Okay, then.
You barely miss the goblin. Your headbutt misses the goblin.
You closely miss the goblin. The goblin hits you but does no damage.
The goblin hits you with a +0 club.
* * * LOW HITPOINT WARNING * * *
The goblin barely misses you.
You completely miss Robin. You hit the goblin.
You kill the goblin!
Trog accepts your kill.
You hit the goblin.
You kill the goblin!
Trog accepts your kill.
Robin roars a battlecry!
The hobgoblin goes into a battle-frenzy!
You hit Robin but do no damage. You headbutt Robin!
Robin is heavily wounded.
You barely miss the hobgoblin. Robin hits you with a +0 club.
* * * LOW HITPOINT WARNING * * *
The hobgoblin hits you.
* * * LOW HITPOINT WARNING * * *
Robin hits you with a +0 club.
* * * LOW HITPOINT WARNING * * *
The hobgoblin barely misses you.
You barely miss Robin.
Robin is heavily wounded.
You closely miss the hobgoblin. Robin hits you but does no damage.
The hobgoblin misses you. Robin barely misses you. You furiously retaliate!
You headbutt Robin!
You kill Robin!
Trog accepts your kill.
You can now call upon Trog for regeneration and willpower.
The hobgoblin hits you.
You die...

#.#......###########
#.)####.##
##[......#
#..####..#########
#.#†# #..........#
.gg#.# ##.#######.#
#gg##)# #.# #.#
#.#..##)## #.# #†#
......g@)# #.# #.#
#.#..###)# #.# #.#
###. .# #.##......#
# .# #.##.###### ..
.. ... ..#


You could see a hobgoblin (strong).

Vanquished Creatures
  Robin (D:2)
  2 endoplasms (D:1)
  10 goblins
  5 hobgoblins
  3 kobolds (D:1)
  2 ball pythons
  4 bats
  2 rats (D:1)
29 creatures vanquished.

Notes
Turn   | Place    | Note
-------+----------+-------------------------------------------
     0 | D:1      | mampy3000 the Minotaur Berserker began the quest for the
                  | Orb.
     0 | D:1      | Reached XP level 1. HP: 19/19 MP: 0/0
   257 | D:1      | Reached XP level 2. HP: 23/27 MP: 1/1
   309 | D:1      | Found a faded altar of an unknown god.
   804 | D:2      | Noticed Robin
   826 | D:2      | Reached XP level 3. HP: 9/34 MP: 2/2
   829 | D:2      | Killed Robin
   829 | D:2      | Reached ** piety under Trog
   829 | D:2      | Slain by a hobgoblin

Illustrated notes

Levels and vault maps discovered:
D:1:      tarquinn_simple_flora_water_b, layout_basic,
          shapermc_ecumenical_altar_pompeii, item_on_display_a
D:2:      minmay_alternating_diamond, layout_loops_ring, uniq_robin

Skill      XL: |  1  2 |
---------------+-------+-----
Fighting       | 4 |  4.5
Axes           | 4 |  4.1
Armour         | |  2.6
Dodging        | |  2.3
Stealth        | |  0.1

Action                   || total
-------------------------++-------
Melee: Hand axe          ||    48
       Headbutt          ||    12
Invok: Berserk           ||     1
 Stab: Sleeping          ||     1
Armor: Animal skin       ||     3
       Leather armour    ||    10
Dodge: Dodged            ||    40
